 Dungeon Sprint DCSS version 0.30-a0-459-g9104f0fc43 (webtiles) character file.

Game seed: 830063262210613723

2971 BigDaddyOpFi the Nimble (level 9, -2/79 HPs)
             Began as a Gnoll Monk on Dec 15, 2022.
             Was a High Priest of Qazlal.
             Killed by divine providence
             ... invoked by a sphinx
              (10 damage)
             ... in the Dungeon (Sprint V: "Ziggurat Sprint").
             The game lasted 00:03:26 (970 turns).

BigDaddyOpFi the Nimble (Gnoll Monk)                 Turns: 970, Time: 00:03:27

Health: -2/79      AC: 24    Str: 15    XL:     9   Next: 82%
Magic:  21/21      EV:  4    Int:  9    God:    Qazlal [*****.]
Gold:   0          SH:  0    Dex: 15    Spells: 25/25 levels left

rFire   . . .      SeeInvis .    D - +8 storm bow {elec, penet}
rCold   . . .      Faith    .    (shield currently unavailable)
rNeg    . . .      Spirit   .    y - +5 crystal plate armour
rPois   .          Reflect  .    (no helmet)
rElec   +          Harm     .    (no cloak)
rCorr   .          Rampage  .    (no gloves)
Will    .....      NoTele   +    (no boots)
Stlth   ..........               (no amulet)
HPRegen 0.33/turn                (no ring)
MPRegen 0.17/turn                (no ring)

@: confused, protected from electricity, repel missiles
A: fangs 1, strong nose, distributed training
a: Renounce Religion, Upheaval, Elemental Force, Disaster Area


You were in the Dungeon.
You worshipped Qazlal.
Qazlal was extremely pleased with you.
You visited 1 branch

Inventory:

Hand Weapons
 a - a +0 short sword
 C - the +27 heavy crossbow "Sniper" {vorpal, Acc+∞ SInv}
   (You found it in the Dungeon)

   Any ammunition fired from it inflicts extra damage upon your enemies.
   Any ammunition fired from it never misses its target.
   SInv:      It lets you see invisible.
 D - the +8 storm bow (weapon) {elec, penet}
   (You found it in the Dungeon)

   Any ammunition fired from it occasionally discharges a powerful burst of
   electricity upon striking a foe.
   Any ammunition fired by it passes through the targets it hits, potentially
   hitting all targets in its path until it reaches maximum range.
 E - a +5 quick blade
 F - the +6 Majin-Bo {vamp, MP+6 Int+6}
   (You found it in the Dungeon)

   It heals its wielder for a portion of the damage dealt when they wound a
   living foe with it or with a spell.
   Its wielder's spells cost health as well as magical power.
   Int:       It affects your intelligence (+6).
   MP:        It affects your magic capacity (+6).
Armour
 b - a +3 kite shield
 y - a +5 crystal plate armour (worn)
Jewellery
 l - a ring of flight
 m - a +6 ring of dexterity
 n - a +6 ring of dexterity
 o - a +6 ring of intelligence
 p - a +6 ring of intelligence
 q - a +6 ring of strength
 r - a +6 ring of strength
 G - a ring of willpower
 H - an amulet of magic regeneration
Wands
 j - a wand of mindburst (7)
 k - a wand of light (7)
Scrolls
 i - 4 scrolls of blinking
 s - 4 scrolls of amnesia
 t - 7 scrolls of fog
 u - 5 scrolls of identify
 v - 2 scrolls of fear
Potions
 c - a potion of ambrosia
 d - 6 potions of curing
 e - 2 potions of heal wounds
 f - 6 potions of haste
 g - 7 potions of magic
 h - 3 potions of berserk rage
 w - 2 potions of brilliance
 x - 2 potions of invisibility
 z - 4 potions of resistance
 B - 5 potions of might
Miscellaneous
 A - a lightning rod (4/4)


   Skills:
 + Level 10.7 Fighting
 + Level 10.7 Short Blades
 + Level 8.5 Long Blades
 + Level 8.5 Axes
 + Level 8.5 Maces & Flails
 + Level 8.5 Polearms
 + Level 8.5 Staves
 + Level 8.5 Ranged Weapons
 + Level 8.5 Throwing
 + Level 8.5 Armour
 + Level 10.7 Dodging
 + Level 9.5 Stealth
 + Level 8.5 Shields
 + Level 8.5 Unarmed Combat
 + Level 8.5 Spellcasting
 + Level 7.0 Conjurations
 + Level 7.0 Hexes
 + Level 7.0 Summonings
 + Level 7.0 Necromancy
 + Level 7.0 Translocations
 + Level 7.0 Transmutations
 + Level 7.0 Fire Magic
 + Level 7.0 Ice Magic
 + Level 7.0 Air Magic
 + Level 7.0 Earth Magic
 + Level 7.0 Poison Magic
 + Level 9.3 Invocations
 + Level 8.5 Evocations


You had 25 spell levels left.
You didn't know any spells.
Your spell library contained the following spells:

 Spells                   Type           Power      Damage    Failure   Level
 Beastly Appendage        Tmut           32%        N/A       99%         1
 Sting                    Tmut/Pois      64%        1d6       99%         1
 Passwall                 Tmut/Erth      13%        N/A       100%        2
 Vhi's Electric Charge    Tloc/Air       32%        N/A       100%        3
 Petrify                  Tmut/Erth      16%        N/A       100%        4
 Alistair's Intoxication  Tmut/Pois      10%        N/A       100%        5
 Summon Forest            Summ/Tloc      8%         N/A       100%        5
 Conjure Ball Lightning   Conj/Air       8%         3x3d6     100%        6
 Eringya's Noxious Bog    Tmut/Pois      8%         N/A       100%        6
 Summon Hydra             Summ           8%         N/A       100%        7
 Discord                  Hex            8%         N/A       100%        8
 Disjunction              Tloc           8%         N/A       100%        8
 Polar Vortex             Ice            8%         N/A       100%        9


Dungeon Overview and Level Annotations

Branches:
Dungeon (1/1)

Altars:
Ashenzari
Cheibriados
Dithmenos
Elyvilon
Fedhas
Gozag
Hepliaklqana
Kikubaaqudgha
Makhleb
Nemelex Xobeh
Okawaru
Qazlal
Ru
Sif Muna
Trog
Uskayaw
Vehumet
Wu Jian
Xom
Yredelemnul
Zin
The Shining One
Jiyva
Lugonu


Innate Abilities, Weirdness & Mutations

You have very sharp teeth.
Your uncanny sense of smell can sniff out nearby items.
Your experience applies equally to all skills.


Message History

You see here the +1 shortbow "Quakhu" {drain, rElec rF- Dex+3 Stlth+}.
You see here a staff of poison.
You see here a +4 sling of draining.
There is a transporter here.
Welcome to arena 6.
You enter the transporter and appear at another place.
An ironbound thunderhulk, a sphinx, a yaktaur captain and 3 humans come into view.
The ironbound preserver shouts!
The ironbound thunderhulk shouts!
The ironbound preserver shouts!
The sphinx shouts!
The yaktaur captain shouts!
The vault guard shouts!
The ironbound preserver mumbles some strange words.
The ironbound preserver begins to accept its allies' injuries.
The yaktaur captain wields a +2 arbalest of freezing.
It is covered in frost.
The yaktaur captain shoots a bolt.
The bolt hits you. The bolt freezes you.
The sphinx casts a spell.
You are confused.
Found six items.
You bump into the unnaturally hard rock wall.
The sphinx casts a spell.
You barely resist.
Electricity crackles from the ironbound thunderhulk's apparatus.
The bolt of lightning hits you!!!
Ouch! That really hurt!
* * * LOW HITPOINT WARNING * * *
The yaktaur captain shoots a bolt.
The bolt hits you!
* * * LOW HITPOINT WARNING * * *
You feel protected from cold. The bolt freezes you.
* * * LOW HITPOINT WARNING * * *
Unknown command.
You feel much better.
Electricity crackles from the ironbound thunderhulk's apparatus.
The bolt of lightning hits you!!
Your resistance to cold fades away.
You feel protected from electricity.
* * * LOW HITPOINT WARNING * * *
The sphinx casts a spell.
Something smites you!
You die...

∆∆∆∆
▓..[O)..▓
∆∆∆
▓..[)=..▓
▓..c....▓
▓.pHp.p.▓
▓.......▓
▓..☼.§..▓
▓.▓.○○▓.▓
▓..@©...▓
▓▓▓▓▓▓▓▓▓
∆∆ ∆∆∆ ∆
∆∆∆


You could see 2 ironbound preservers, a sphinx (sheltered), an ironbound
thunderhulk (sheltered), a yaktaur captain (sheltered) and a vault guard
(sheltered).

Vanquished Creatures
  A fire crab (shapeshifter) (D)
  An ugly thing (D)
  2 toenail golems (D)
  2 rime drakes (D)
  A human (shapeshifter) (D)
  2 steam dragons (D)
  2 black bears (D)
  2 wolves (D)
  A phantom (D)
  A necrophage (D)
  A wight (D)
  A bat skeleton (D)
  A ball python zombie (D)
18 creatures vanquished.

Notes
Turn   | Place    | Note
-------+----------+-------------------------------------------
     0 | D        | BigDaddyOpFi the Gnoll Monk began the quest for the Orb.
     0 | D        | Reached XP level 1. HP: 23/23 MP: 1/1
     6 | D        | Found a bloodstained altar of Trog.
     6 | D        | Found a shimmering blue altar of Sif Muna.
     6 | D        | Found a sacrificial altar of Ru.
     6 | D        | Found a stormy altar of Qazlal.
    13 | D        | Found an iron altar of Okawaru.
    21 | D        | Found a sparkling altar of Nemelex Xobeh.
    21 | D        | Found the +7 great mace "Firestarter" {inner flame, rF++}
    21 | D        | Found the +6 shillelagh "Devastator" {shatter}
    21 | D        | Found the +11 plutonium sword {Contam Stlth-}
    21 | D        | Found the +8 lance "Wyrmbane" {slay drac, rPois rF+ rC+
                  | AC+3}
    21 | D        | Found the +9 sword of Zonguldrok {reap}
    21 | D        | Found the +13 scythe of Curses {drain, Drain}
    21 | D        | Found the +5 sword of Power {vorpal}
    21 | D        | Found the +7 mace of Variability {chain chaos}
    21 | D        | Found the +7 Singing Sword {vorpal, sonic wave}
    21 | D        | Found the +8 storm bow {elec, penet}
    21 | D        | Found the +6 Majin-Bo {vamp, MP+6 Int+6}
    21 | D        | Found the +27 heavy crossbow "Sniper" {vorpal, Acc+∞ SInv}
    21 | D        | Found the +10 dark maul {vorpal}
    21 | D        | Found the +15 Maxwell's patent armour {-Cast -Tele rElec
                  | Will+ rCorr}
    21 | D        | Found the +18 shield of the Gong {rElec rN+ Will+ EV-5}
    21 | D        | Found the +14 obsidian axe {vorpal, Mesm Drain Fly SInv}
    22 | D        | Found a burning altar of Makhleb.
    22 | D        | Found a corrupted altar of Lugonu.
    22 | D        | Found an ancient bone altar of Kikubaaqudgha.
    22 | D        | Found a transporter.
    55 | D        | Found a viscous altar of Jiyva.
    55 | D        | Found a hazy altar of Hepliaklqana.
    59 | D        | Found an opulent altar of Gozag.
    60 | D        | Found a blossoming altar of Fedhas.
   117 | D        | Reached XP level 2. HP: 31/31 MP: 1/5
   165 | D        | Became a worshipper of Qazlal Stormbringer
   165 | D        | Reached * piety under Qazlal
   165 | D        | Reached ** piety under Qazlal
   203 | D        | Entered arena 2.
   203 | D        | Noticed a toenail golem
   203 | D        | Noticed a toenail golem
   203 | D        | Found a transporter.
   204 | D        | Killed a toenail golem
   205 | D        | Reached skill level 5 in Long Blades
   205 | D        | Reached skill level 5 in Axes
   205 | D        | Reached skill level 5 in Maces & Flails
   205 | D        | Reached skill level 5 in Polearms
   205 | D        | Reached skill level 5 in Staves
   205 | D        | Reached skill level 5 in Ranged Weapons
   205 | D        | Reached skill level 5 in Throwing
   205 | D        | Reached skill level 5 in Armour
   205 | D        | Reached skill level 5 in Shields
   205 | D        | Reached skill level 5 in Unarmed Combat
   205 | D        | Reached skill level 5 in Spellcasting
   205 | D        | Reached skill level 5 in Invocations
   205 | D        | Reached skill level 5 in Evocations
   205 | D        | Reached XP level 3. HP: 24/38 MP: 5/9
   205 | D        | Reached XP level 4. HP: 28/45 MP: 6/11
   205 | D        | Reached XP level 5. HP: 31/50 MP: 6/12
   205 | D        | Reached XP level 6. HP: 36/57 MP: 6/13
   208 | D        | Killed a toenail golem
   209 | D        | Reached XP level 7. HP: 60/64 MP: 7/16
   367 | D        | Entered arena 3.
   367 | D        | Noticed a purple ugly thing
   367 | D        | Noticed a basilisk
   367 | D        | Noticed a human
   367 | D        | Found a transporter.
   368 | D        | a basilisk changed into a meliai
   368 | D        | Noticed a meliai (shapeshifter)
   369 | D        | Killed a human
   370 | D        | Reached skill level 5 in Conjurations
   370 | D        | Reached skill level 5 in Hexes
   370 | D        | Reached skill level 5 in Summonings
   370 | D        | Reached skill level 5 in Necromancy
   370 | D        | Reached skill level 5 in Translocations
   370 | D        | Reached skill level 5 in Transmutations
   370 | D        | Reached skill level 5 in Fire Magic
   370 | D        | Reached skill level 5 in Ice Magic
   370 | D        | Reached skill level 5 in Air Magic
   370 | D        | Reached skill level 5 in Earth Magic
   370 | D        | Reached skill level 5 in Poison Magic
   383 | D        | a meliai changed into a cane toad
   383 | D        | Noticed a cane toad (shapeshifter)
   387 | D        | Killed a purple ugly thing
   387 | D        | Reached *** piety under Qazlal
   388 | D        | Reached XP level 8. HP: 24/71 MP: 18/18
   392 | D        | a cane toad changed into a fire crab
   392 | D        | Noticed a fire crab (shapeshifter)
   397 | D        | Killed a fire crab
   398 | D        | Reached skill level 10 in Fighting
   398 | D        | Reached skill level 10 in Short Blades
   398 | D        | Reached skill level 10 in Dodging
   398 | D        | Reached XP level 9. HP: 66/78 MP: 14/20
   464 | D        | Entered arena 4.
   464 | D        | Noticed a rime drake
   464 | D        | Noticed a rime drake
   464 | D        | Found a transporter.
   468 | D        | Killed a rime drake
   470 | D        | Reached **** piety under Qazlal
   472 | D        | Killed a rime drake
   779 | D        | Entered arena 5.
   779 | D        | Found a transporter.
   786 | D        | Reached ***** piety under Qazlal
   862 | D        | Got Dalat's Papyrus of Frigid Sculpting
   864 | D        | Got the Papyrus of the Electric Figure
   869 | D        | Entered arena 6.
   869 | D        | Found a transporter.
   967 | D        | Entered arena 7.
   967 | D        | Noticed an ironbound preserver
   967 | D        | Noticed an ironbound thunderhulk
   967 | D        | Noticed an ironbound preserver
   967 | D        | Noticed a sphinx
   967 | D        | Noticed a yaktaur captain
   967 | D        | Noticed a vault guard
   970 | D        | Killed from afar by a sphinx

Illustrated notes

Levels and vault maps discovered:
D:        sprint_v [room_start, room_1, room_2, room_3, room_4, room_5, room_6,
          room_7, room_8, room_9, room_10, room_11, room_12, room_13, room_14,
          room_15, room_16, room_17, room_18, room_19, room_20, room_21,
          room_22, room_23, room_24, room_25, room_26, room_27]

Skill      XL: |  1  2  3  4  5  6  7  8  9 |
---------------+----------------------------+-----
Fighting       | 7 8 9 10 | 10.7
Short Blades   | 7 8 9 10 | 10.7
Long Blades    | 2 5 6 7 8 |  8.5
Axes           | 2 5 6 7 8 |  8.5
Maces & Flails | 2 5 6 7 8 |  8.5
Polearms       | 2 5 6 7 8 |  8.5
Staves         | 2 5 6 7 8 |  8.5
Ranged Weapons | 2 5 6 7 8 |  8.5
Throwing       | 2 5 6 7 8 |  8.5
Armour         | 2 5 6 7 8 |  8.5
Dodging        | 7 8 9 10 | 10.7
Shields        | 2 5 6 7 8 |  8.5
Unarmed Combat | 2 5 6 7 8 |  8.5
Spellcasting   | 2 5 6 7 8 |  8.5
Conjurations   | 2 4 5 6 7 |  7.0
Hexes          | 2 4 5 6 7 |  7.0
Summonings     | 2 4 5 6 7 |  7.0
Necromancy     | 2 4 5 6 7 |  7.0
Translocations | 2 4 5 6 7 |  7.0
Transmutations | 2 4 5 6 7 |  7.0
Fire Magic     | 2 4 5 6 7 |  7.0
Ice Magic      | 2 4 5 6 7 |  7.0
Air Magic      | 2 4 5 6 7 |  7.0
Earth Magic    | 2 4 5 6 7 |  7.0
Poison Magic   | 2 4 5 6 7 |  7.0
Invocations    | 2 5 6 7 8 9 |  9.3
Evocations     | 2 5 6 7 8 |  8.5
Stealth        | 6 7 8 9 |  9.5

Action                   |  1- 3 |  4- 6 |  7- 9 || total
-------------------------+-------+-------+-------++-------
Melee: Quarterstaff      |       |       |    14 ||    14
 Fire: Heavy crossbow    |     1 |     3 |     2 ||     6
       Longbow           |       |       |    25 ||    25
  Use: Potion            |     1 |     1 |    11 ||    13
Armor: Crystal plate arm |       |     5 |   109 ||   114
Dodge: Dodged            |       |       |    15 ||    15
Block: Other             |     1 |       |    21 ||    22

Table legend: (Time is in decaauts)
 A = Elapsed time spent in this place.
 B = Non-inter-level travel time spent in this place.
 C = Inter-level travel time spent in this place.
 D = Time resting spent in this place.
 E = Time spent auto-exploring this place.
 F = Levels seen in this place.
 G = Mean time per level.
                   A        B        C        D        E       F      G
               +--------+--------+--------+--------+--------+-----+--------+
         Total |   1015 |   1015 |      0 |    696 |     11 |   1 | 1015.0 |
       Dungeon |   1015 |   1015 |      0 |    696 |     11 |   1 | 1015.0 |
               +--------+--------+--------+--------+--------+-----+--------+

Top non-repeatable levels by time:
       D: 1015 daAuts
